AoeStats
← All Conquistadors Are BSTRD

Arena

510101284Analyzed
2v2 RM · 3d ago on Sep 29, 2026· 45m 47s· 4 players
Game mode
Random Map
Map size
Medium (4 player)
Population
200
Speed
Normal
Resources
Standard
Victory
Conquest
Starting age
Dark Age
Ending age
Imperial Age
RankedLock teamsTeams togetherTeam positionsShared explorationLock speedFull tech treeHidden civsTurbo modeCheats
Victory
Defeat
🇪🇸 Italians · Spain
1231
+19
🇮🇳 Varangians · India
1201
+21
1314
-20
🇯🇵 Danes · Japan
1295
-20
ezechias
10:24 Feudal Age
14:42 Castle Age
13:26 Scale Mail Armor
13:36 Double-Bit Axe
16:13 Horse Collar
17:16 Forging
16:57 Loom
17:58 Gambesons
20:00 Chain Mail Armor
20:18 Squires
24:11 Gold Mining
24:57 Arson
25:53 Iron Casting
26:48 Wheelbarrow
27:49 Ballistics
33:44 Bow Saw
35:33 Heavy Plow
39:56 Imperial Age
39:25 Hand Cart
38:56 Town Watch
40:36 Elite Varangian Guard
42:27 Plate Mail Armor
42:57 Blast Furnace
43:10 Siege Engineers
43:37 Onager
All Conquistadors Are BSTRD
5:07 Loom
9:50 Feudal Age
12:13 Horse Collar
14:48 Double-Bit Axe
20:05 Town Watch
22:54 Castle Age
21:49 Stone Mining
21:59 Gold Mining
24:17 Wheelbarrow
29:29 Imperial Age
30:15 Fervor
31:17 Conscription
32:35 Illumination
37:51 Stirrups
39:06 Masonry
40:40 Scale Barding Armor
40:46 Forging
War Hero
9:50 Feudal Age
10:25 Feudal Age
16:30 Castle Age
14:18 Loom
14:36 Fletching
18:10 Double-Bit Axe
21:54 Horse Collar
24:12 Bow Saw
26:57 Forging
28:07 Bloodlines
28:08 Scale Barding Armor
29:23 Chain Barding Armor
33:55 Imperial Age
32:12 Wheelbarrow
31:22 Town Watch
32:24 Iron Casting
32:17 Heavy Plow
32:46 Husbandry
33:09 Bodkin Arrow
34:52 Devotion
36:14 Plate Barding Armor
36:55 Blast Furnace
37:28 Hand Cart
37:17 Town Patrol
37:56 Ballistics
38:59 Elite Jarl
39:51 Gold Mining
40:58 Conscription
43:26 Bracer
43:26 Padded Archer Armor
44:56 Two-Man Saw
44:29 Crop Rotation
43:57 Stone Mining
asiers49
3:38 Loom
9:35 Feudal Age
15:00 Castle Age
16:35 Double-Bit Axe
17:39 Fletching
20:23 Bodkin Arrow
39:34 Ballistics
41:57 Loom
42:30 Bloodlines
Connection lost

Rejoining the realm…

Still unreachable

The connection could not be restored.

Session expired

The server has moved on; the page needs a fresh start.